cohdb
Replays
Latest Replays
All Replays
Popular Replays
Top Player Replays
Match Explorer
How It Works
Community
CoH3 Stats
Reddit
Sign in to upload your games and track your stats! →
Sign in with Steam
Match 44199252
Unlisted
Match 44199252
Overview
Messages
Build Orders
End
Construct Section Command Post
Vickers Machine Gun Team
Selects Indian Artillery Battlegroup
Infantry Section
ML 3-inch Mortar Team
Infantry Section
Construct Platoon Command Post
Selects Valour
Infantry Section
Grenade Package
Humber Armored Car
Selects Gurkha Rifles Section
Gurkha Rifles Section
Selects Pillage
Humber Armored Car
Unlock M3 Stuart Light Tanks
6-pounder Anti-tank Gun Team
Selects Artillery Saturation
Selects Off-map Airburst Barrage
6-pounder Anti-tank Gun Team
Off-map Airburst Barrage
robwarrior
imba ☯
Frittenbaby
AзИз BoP ЧёPнЫx ПpИoP
0
0
Comments
sign in to comment!
No comments posted yet!